 Dungeon Crawl Stone Soup version 0.19.1 (webtiles) character file.

6741 Ijustatesigmund the Cleaver (level 10, 0/97 HPs)
             Began as a Minotaur Monk on Nov 25, 2016.
             Was a Priest of Ashenzari.
             Slain by a polar bear (4 damage)
             ... on level 10 of the Dungeon.
             The game lasted 00:23:51 (9041 turns).

Ijustatesigmund the Cleaver (Minotaur Monk)         Turns: 9041, Time: 00:23:52

Health: 0/97       AC: 16    Str: 15    XL:     10   Next: 75%
Magic:  9/9        EV: 14    Int:  7    God:    Ashenzari [***...]
Gold:   294        SH: 13    Dex: 27    Spells: 0 memorised, 9 levels left

rFire  . . .     SeeInvis +     m - +0 war axe
rCold  . . .     Gourm    .     G - +0 plate armour (curse)
rNeg   . . .     Faith    .     l - +0 shield (curse)
rPois  .         Spirit   .     (helmet restricted)
rElec  .         Reflect  .     (no cloak)
rCorr  .         Harm     .     n - +1 pair of gloves (curse)
MR     .....                    K - +0 pair of boots
Stlth  ..........               D - amulet of regeneration (curse)
                                q - +5 ring of dexterity
                                w - +3 ring of evasion (curse)

@: agile, lethally poisoned (0 -> 0), flying
A: retaliatory headbutt, horns 2
a: Curse Item, Scrying, Renounce Religion


You were on level 10 of the Dungeon.
You worshipped Ashenzari.
Ashenzari was most pleased with you.
You were hungry.

You visited 2 branches of the dungeon, and saw 11 of its levels.
You also visited: Sewer.

You collected 546 gold pieces.
You spent 252 gold pieces at shops.

Inventory:

Hand Weapons
 b - a +2 flail of protection
 i - a +1 flail of holy wrath
 m - a +0 war axe (weapon)
Missiles
 p - 2 throwing nets (quivered)
Armour
 h - a +0 chain mail
 l - a cursed +0 shield (worn)
 n - a cursed +1 pair of gloves (worn)
 y - a +1 ring mail of poison resistance
 G - a cursed +0 plate armour (worn)
 K - a +0 pair of boots (worn)
Jewellery
 q - a +5 ring of dexterity (right hand)
 s - an uncursed ring of flight
 w - a cursed +3 ring of evasion (left hand)
 D - a cursed amulet of regeneration (around neck)
 H - the ring of Heresy {Wiz rElec MP+9 Slay+4 Stlth-}
   (You found it on level 9 of the Dungeon)

   [ring of wizardry]

   It improves your spell success rate.
   It affects your accuracy and damage with ranged weapons and melee attacks
   (+4).
   It insulates you from electricity.
   It affects your magic capacity (+9).
   It makes you less stealthy.
Wands
 o - a wand of acid (6/15)
 t - a wand of paralysis (0/24)
 C - a wand of iceblast (5/15)
 I - a wand of iceblast (10/15)
Scrolls
 k - 3 scrolls of amnesia
 r - a scroll of enchant armour
 x - a scroll of immolation
 F - a scroll of enchant weapon
Potions
 a - a potion of cure mutation
 d - 4 potions of flight
 e - 3 potions of curing
 f - a potion of agility
 g - a potion of magic
 v - 4 potions of mutation
 E - a potion of might {unknown}
 L - a potion of brilliance {unknown}
Books
 j - a book of Flames

   Spells                             Type                      Level
   a - Flame Tongue                   Conjuration/Fire             1
   b - Throw Flame                    Conjuration/Fire             2
   c - Conjure Flame                  Conjuration/Fire             3
   d - Inner Flame                    Hexes/Fire                   3
   e - Sticky Flame                   Conjuration/Fire             4
   f - Fireball                       Conjuration/Fire             5
 B - a book of Minor Magic

   Spells                             Type                      Level
   a - Magic Dart                     Conjuration                  1
   b - Blink                          Translocation                2
   c - Call Imp                       Summoning                    2
   d - Repel Missiles                 Charms/Air                   2
   e - Slow                           Hexes                        2
   f - Conjure Flame                  Conjuration/Fire             3
   g - Mephitic Cloud                 Conjuration/Poison/Air       3
Comestibles
 c - 8 bread rations
 z - 6 meat rations
 A - 7 beef jerkies
 J - a chunk of flesh


   Skills:
 + Level 11.7 Fighting
 + Level 12.1 Axes
 + Level 5.9 Armour
 - Level 3.2 Dodging
 - Level 1.5 Stealth
 - Level 9.0(10.8) Shields


You had 9 spell levels left.
You didn't know any spells.

Dungeon Overview and Level Annotations

Branches:
Dungeon (10/15)            Temple (1/1) D:7            Lair (0/6) D:8
    Orc: D:9-12

Altars:
Ashenzari
Cheibriados
Dithmenos
Elyvilon
Fedhas
Gozag
Hepliaklqana
Makhleb
Nemelex Xobeh
Okawaru
Qazlal
Ru
Sif Muna
Trog
Uskayaw
Vehumet
Xom
Yredelemnul
Zin
The Shining One

Shops:
D:5 =   D:7 :

Annotations:
D:3 TotoDurand's ghost, amateur DgAE


Innate Abilities, Weirdness & Mutations

You reflexively headbutt those who attack you in melee.
You have a pair of horns on your head.


Message History

The worker ant bites you.
You are poisoned.
The worker ant poisons you!
The polar bear bites you but does no damage.
The polar bear closely misses you. The polar bear claws you.
You feel agile all of a sudden.
You feel sick. The polar bear bites you!!
* * * LOW HITPOINT WARNING * * *
You block the polar bear's attack.
The polar bear claws you but does no damage.
The worker ant zombie bites you but does no damage.
The worker ant closely misses you. The polar bear bites you!
* * * LOW HITPOINT WARNING * * *
The polar bear closely misses you. You block the polar bear's attack.
The polar bear closely misses you. The polar bear barely misses you.
You block the polar bear's attack.
You feel sick.
You feel very buoyant.
You fly up into the air.
The polar bear bites you.
You die...

#......## .## 8.. * *
#.......## *..## .... , ,
,* #....##..## #..##..%.
, ..##.....##..#
#..#..... ,
#....†....#..# #.....[..
, .......<.....#
##........ *
.##...†......###.Z.......
, ,
*##....(....##.hah......
#.............@###..8.. ,
#..#..........## ..# *
#.####........## ,,, #
#.# #......... ,,, ** .#
########... , * ##... *
.... *<.... * , *,,


You could see 2 polar bears, a worker ant and a worker ant zombie.

Vanquished Creatures
  2 two-headed ogres (D:8)
  Grinder (Sewer)
  Prince Ribbit (D:7)
  7 yaks
  Sigmund (D:3)
  2 wargs (D:8)
  2 phantoms
  A sky beast (D:8)
  6 ice beasts
  5 orc warriors
  4 ogres
  A wolf (D:10)
  6 centaurs
  3 big kobolds
  4 bullfrogs
  A water moccasin zombie (D:7)
  A wyvern skeleton (D:5)
  4 scorpions
  3 killer bees (D:10)
  2 howler monkeys
  6 crimson imps
  2 bullfrog zombies
  2 quasits
  6 orc priests
  7 orc wizards
  4 bullfrog skeletons
  An iguana (D:7)
  6 worker ants
  A big kobold zombie (Sewer)
  A howler monkey zombie (D:9)
  A worker ant zombie (D:7)
  10 gnolls
  12 adders
  6 shadow imps
  A white imp (D:10)
  3 ufetubi (Sewer)
  3 oozes
  6 worms
  3 dart slugs (D:4)
  3 leopard geckos
  20 orcs
  9 bats
  7 giant cockroaches
  5 goblins
  6 hobgoblins
  5 quokkas
  3 ball pythons
  7 frilled lizards
  A jackal skeleton (D:5)
  A jackal zombie (D:8)
  26 kobolds
  2 kobold zombies (Sewer)
  A leopard gecko zombie (D:6)
  4 rats
238 creatures vanquished.

Vanquished Creatures (others)
  An ooze (Sewer)
1 creature vanquished.

Grand Total: 239 creatures vanquished

Notes
Turn   | Place    | Note
-------+----------+-------------------------------------------
     0 | D:1      | Ijustatesigmund the Minotaur Monk began the quest for the Orb.
     0 | D:1      | Reached XP level 1. HP: 19/19 MP: 0/0
    77 | D:1      | Reached skill level 4 in Axes
   247 | D:1      | Reached XP level 2. HP: 27/27 MP: 1/1
   814 | D:2      | Reached XP level 3. HP: 33/33 MP: 2/2
   898 | D:2      | Reached skill level 5 in Axes
  1146 | D:2      | Reached XP level 4. HP: 38/41 MP: 3/3
  1930 | D:3      | Noticed Sigmund
  1942 | D:3      | Killed Sigmund
  1942 | D:3      | Reached skill level 5 in Fighting
  1942 | D:3      | Reached skill level 6 in Axes
  1942 | D:3      | Reached XP level 5. HP: 43/48 MP: 4/4
  2170 | D:3      | Noticed TotoDurand's ghost (amateur DgAE)
  2202 | D:4      | Reached XP level 6. HP: 43/56 MP: 5/5
  2611 | D:4      | Reached skill level 1 in Shields
  2658 | D:4      | Noticed an ice beast
  2676 | D:4      | Killed an ice beast
  2676 | D:4      | Reached skill level 7 in Axes
  2939 | D:4      | Reached XP level 7. HP: 59/63 MP: 6/6
  3359 | D:5      | Entered Level 5 of the Dungeon
  3558 | D:5      | Found a glowing drain.
  3597 | Sewer    | Entered a sewer
  3973 | Sewer    | Found a burning altar of Makhleb.
  3983 | Sewer    | Reached skill level 8 in Axes
  3988 | Sewer    | Noticed Grinder
  3997 | Sewer    | Paralysed by Grinder for 6 turns
  4012 | Sewer    | Killed Grinder
  4012 | Sewer    | Reached XP level 8. HP: 16/73 MP: 7/7
  4320 | Sewer    | Reached skill level 5 in Shields
  4943 | D:5      | Found Fynli's Jewellery Shoppe.
  4956 | D:5      | Bought a +3 ring of evasion for 252 gold pieces
  4966 | D:5      | Reached skill level 9 in Axes
  5306 | D:6      | Reached XP level 9. HP: 37/82 MP: 8/8
  5896 | D:7      | Found a staircase to the Ecumenical Temple.
  5907 | Temple   | Entered the Ecumenical Temple
  6084 | Temple   | Became a worshipper of Ashenzari the Shackled
  6084 | Temple   | Reached * piety under Ashenzari
  6084 | Temple   | Reached ** piety under Ashenzari
  6236 | D:7      | Reached skill level 10 in Axes
  6503 | D:7      | Found Viubept's Book Boutique.
  6634 | D:7      | Noticed Prince Ribbit
  6666 | D:7      | Reached skill level 10 in Fighting
  6817 | D:7      | Killed Prince Ribbit
  7064 | D:8      | Reached skill level 11 in Axes
  7064 | D:8      | Reached XP level 10. HP: 94/94 MP: 9/9
  7115 | D:8      | Found a staircase to the Lair.
  7414 | D:8      | Found a shattered altar of Ashenzari.
  7532 | D:8      | Found a glowing golden altar of the Shining One.
  8350 | D:9      | Found a hide-covered altar of Uskayaw.
  8412 | D:9      | Reached skill level 5 in Armour
  8531 | D:9      | Reached *** piety under Ashenzari
  8727 | D:9      | Reached skill level 12 in Axes
  8844 | D:9      | Identified the ring of Heresy {Wiz rElec MP+9 Slay+4 Stlth-}
  8995 | D:10     | Entered Level 10 of the Dungeon
  9039 | D:10     | HP: 4/97 [polar bear (17)]
  9041 | D:10     | Slain by a polar bear

Skill      XL: |  1  2  3  4  5  6  7  8  9 10 |
---------------+-------------------------------+-----
Axes           | 4 5 6 7 8 9 11 12 | 12.1
Fighting       | 4 5 6 7 8 10 11 | 11.7
Armour         | 2 5 |  5.9
Shields        | 2 4 6 9 |  9.0
Dodging        | |  3.2
Stealth        | |  1.5

Action                   |  1- 3 |  4- 6 |  7- 9 | 10-12 || total
-------------------------+-------+-------+-------+-------++-------
Melee: Hand axe          |    55 |   154 |       |       ||   209
       Headbutt          |     9 |    33 |    77 |    46 ||   165
       War axe           |       |     5 |   435 |   191 ||   631
Invok: Curse Item        |       |       |     4 |       ||     4
Evoke: Wand              |       |       |     5 |     2 ||     7
  Use: Scroll            |     4 |     6 |    10 |     5 ||    25
       Potion            |     2 |     1 |     2 |     4 ||     9
 Stab: Sleeping          |     1 |       |       |       ||     1
       Invisible         |       |       |     4 |       ||     4
       Paralysed         |       |       |       |     6 ||     6
  Eat: Chunk             |       |     6 |     1 |     7 ||    14
       Bread ration      |       |       |     2 |       ||     2
       Fruit             |       |       |     3 |       ||     3
       Pizza             |       |       |     1 |       ||     1
Armor: Scale mail        |    12 |    44 |   107 |       ||   163
       Plate armour      |       |       |    40 |    99 ||   139
Dodge: Dodged            |    32 |    82 |   146 |    67 ||   327
Block: Shield            |       |    15 |   201 |   128 ||   344
